 Dungeon Crawl Stone Soup version 0.24-a0-291-g79c1ce788c (webtiles) character file.

Game seed: 2289440534384748510

62193 Redear the Spry (level 14, -2/70 HPs)
             Began as a Felid Chaos Knight on May 9, 2019.
             Was a Plaything of Xom.
             Slain by an orc warrior
             ... wielding a +0 battleaxe
             ... led by an orc warlord
              (9 damage)
             ... while paralysed by an orc sorcerer
             ... on level 2 of the Orcish Mines.
             The game lasted 01:21:40 (29519 turns).

Redear the Spry (Felid Chaos Knight)               Turns: 29519, Time: 01:21:40

Health: -2/70      AC:  6    Str: 15    XL:     14   Next: 63%
Magic:  24/24      EV:  4    Int: 18    God:    Xom [*.....]
Gold:   1737       SH:  0    Dex: 23    Spells: 13/25 levels left
                                        Lives:  0   Deaths: 4

rFire    + . .     SeeInvis +     - Unarmed
rCold    + . .     Gourm    .   (shield unavailable)
rNeg     . . .     Faith    .   (armour unavailable)
rPois    +         Spirit   .   (helmet unavailable)
rElec    .         Reflect  .   (cloak unavailable)
rCorr    .         Harm     .   (gloves unavailable)
MR       ++...                  (boots unavailable)
Stlth    ++++++....             t - amulet of rage {+Rage}
HPRegen  0.21/turn              h - ring of Obbubauc {rF+ Str+3 Dex+5}
MPRegen  0.19/turn              A - +4 ring of intelligence

@: paralysed, quick
A: very small, no armour, no weapons or thrown items, stealth, claws 1, fangs 3,
icy blue scales 1, rugged brown scales 1, see invisible, agile 1, blink,
carnivore, speed 1, poison resistance, screaming 1, shaggy fur 3, slow
metabolism 1, MP-powered wands, sharp paws
a: Blink, Renounce Religion, Evoke Berserk Rage


You were on level 2 of the Orcish Mines.
You worshipped Xom.
You were a special plaything of Xom.
You were very hungry.

You visited 4 branches of the dungeon, and saw 22 of its levels.
You visited the Abyss 1 time.

You collected 1737 gold pieces.

Inventory:

Jewellery
 c - an uncursed ring of protection from cold {rC+}
 d - an uncursed ring of positive energy {rN+}
 f - an uncursed ring of protection from fire {rF+}
 g - an uncursed ring of resist corrosion
 h - the ring of Obbubauc (left paw) {rF+ Str+3 Dex+5}
   (You found it on level 6 of the Lair of Beasts)

   [ring of dexterity]

   It affects your strength (+3).
   It affects your dexterity (+5).
   It protects you from fire.
 i - an uncursed ring of wizardry {Wiz+}
 k - an uncursed amulet of faith {Faith}
 n - a +2 ring of dexterity
 o - an uncursed ring of wizardry {Wiz+}
 q - an uncursed ring of fire {rF+ rC-}
 r - an uncursed amulet of regeneration {+Regen}
 t - an amulet of rage (around neck) {+Rage}
 y - the ring of False Pretenses {Ice +Fly MR+ Int+3}
   (You found it on level 5 of the Lair of Beasts)

   [ring of ice]

   It enhances your ice magic.
   It affects your intelligence (+3).
   It makes you vulnerable to fire.
   It protects you from cold.
   It affects your resistance to hostile enchantments.
   It lets you fly.
 A - a +4 ring of intelligence (right paw)
Wands
 j - a wand of polymorph (11)
 C - a wand of random effects (12)
 D - a wand of digging (4)
 E - a wand of enslavement (2)
 P - a wand of paralysis (4)
 V - a wand of flame (23)
Scrolls
 a - 5 scrolls of amnesia
 m - a scroll of immolation
 s - a scroll of vulnerability
 u - 2 scrolls of fog
 x - a scroll of silence
 B - 2 scrolls of blinking {@r4}
 M - 7 scrolls of magic mapping
 N - 14 scrolls of remove curse {@r2}
 R - 6 scrolls of identify {@r1}
 T - a scroll of teleportation {@r3}
Potions
 b - 2 potions of agility {Stlth+ Dex+5 EV+5 | @q4}
 e - 6 potions of lignification
 l - 3 potions of flight
 p - a potion of ambrosia
 v - a potion of brilliance {Archmagi Int+5 Wiz++}
 H - 2 potions of haste {@q5}
 Q - a potion of curing {@q2}
Miscellaneous
 X - a phial of floods (inert)
Comestibles
 z - 51 rations


   Skills:
 - Level 11.8 Fighting
 + Level 16.6 Dodging
 - Level 13.3 Stealth
 - Level 11.8 Unarmed Combat
 + Level 6.4 Spellcasting
 + Level 7.1 Necromancy
 + Level 6.4 Earth Magic
 - Level 7.0 Evocations


You had 13 spell levels left.
You knew the following spells:

 Your Spells              Type           Power        Failure   Level  Hunger
v - Borgnjor's Vile Clut  Necr/Erth      ####......   21%         5    #####..
E - Animate Dead          Necr           N/A          6%          4    ####...
R - Regeneration          Chrm/Necr      ###.......   8%          3    ##.....

Your spell library contained the following spells:

 Spells                   Type           Power        Failure   Level  Hunger
 Animate Skeleton         Necr           N/A          1%          1    None
 Pain                     Necr           ####         1%          1    None
 Sandblast                Erth           ####..       1%          1    None
 Vampiric Draining        Necr           ####......   1%          3    ##.....
 Passwall                 Tmut/Erth      ###.....     4%          2    None
 Stone Arrow              Conj/Erth      ###...       9%          3    ##.....
 Lee's Rapid Deconstruct  Erth           ####......   22%         5    #####..
 Petrify                  Tmut/Erth      ###.....     30%         4    ####...
 Recall                   Summ/Tloc      N/A          34%         3    ##.....
 Death Channel            Necr           ####......   67%         6    #######
 Cause Fear               Hex            #.........   75%         4    ####...
 Summon Lightning Spire   Summ/Air       #.......     75%         4    ####...
 Silence                  Hex/Air        #.........   97%         5    #####..
 Yara's Violent Unravell  Hex/Tmut       #.........   97%         5    #####..
 Simulacrum               Ice/Necr       ###.......   99%         6    #######
 Conjure Ball Lightning   Conj/Air       #.........   100%        6    #######
 Deflect Missiles         Chrm/Air       #.........   100%        6    #######
 Haunt                    Necr/Summ      ###.......   100%        7    #######
 Borgnjor's Revivificati  Necr           ####......   100%        8    #######
 Death's Door             Chrm/Necr      ###.......   100%        8    #######
 Discord                  Hex            #.........   100%        8    #######
 Infestation              Necr           ####......   100%        8    #######
 Necromutation            Tmut/Necr      ###.......   100%        8    #######
 Tornado                  Air            #.........   100%        9    #######


Dungeon Overview and Level Annotations

Branches:
Dungeon (13/15)            Temple (1/1) D:4            Lair (6/6) D:11
  Swamp (0/4) Lair:4       Spider (0/4) Lair:4        Slime (0/5) Lair:5
    Orc (2/2) D:12
    Elf: Orc:2       Vaults: D:13-14

Altars:
Ashenzari
Cheibriados
Dithmenos
Elyvilon
Fedhas
Gozag
Hepliaklqana
Kikubaaqudgha
Makhleb
Nemelex Xobeh
Okawaru
Qazlal
Ru
Sif Muna
Trog
Uskayaw
Vehumet
Wu Jian
Xom
Yredelemnul
Zin
The Shining One
Jiyva

Shops:
D:7 }   D:11 :

Annotations:
D:8 1 runed translucent door
D:9 2 runed translucent doors, exclusion: door
D:11 exclusions: ice statue and obsidian statue
Lair:6 3 runed translucent doors, Jannitor's ghost, journeyman VSFi; P0WERM0DE's ghost, journeyman MiFi; Redear's ghost, journeyman OpFE


Innate Abilities, Weirdness & Mutations

You cannot wear armour.
You are incapable of wielding weapons or throwing items.
Your paws allow you to move quietly. (Stealth)
You have sharp claws.
You have razor-sharp teeth.
You have supernaturally acute eyesight. (SInv)
You are carnivorous and can eat meat at any time.
You cover ground quickly.
Your thick and shaggy fur keeps you warm. (AC +3, rC+)
You have a slow metabolism.
Your sharp claws are effective at attacking unaware monsters.
You are partially covered in icy blue scales. (AC +2)
You are partially covered in rugged brown scales. (AC +1, +3% HP)
You are agile. (Dex +2)
You can translocate small distances at will.
Your system is resistant to poisons. (rPois)
You occasionally shout uncontrollably at your foes.
You expend magic power (3 MP) to strengthen your wands.


Message History

You claw the orc warrior!
The orc warrior is moderately wounded.
The orc warrior misses you.
You barely miss the orc sorcerer.
You scratch the orc sorcerer but do no damage.
The orc warrior completely misses you.
The orc sorcerer mumbles some strange words.
You scratch the orc sorcerer but do no damage.
The sixfirhy closely misses you.
The orc sorcerer gestures at you while chanting.
You suddenly lose the ability to move!
The orc warrior hits you with a +0 battleaxe!
The sixfirhy hits you! The sixfirhy shocks you! The sixfirhy hits you!
The sixfirhy shocks you!
* * * LOW HITPOINT WARNING * * *
The orc sorcerer hits you with a +0 dagger.
* * * LOW HITPOINT WARNING * * *
The orc warrior hits you with a +0 battleaxe!
You die...
Xom cackles wildly!

##.#......#.# .##
#.........#.##
....#............###
....#...........)#.##
....................##
........<##..........##
........####..........#
.......(.###.........##
.......o@.#.........##
.......3o.#........##
...##....)#......###
.## #...(.[...####
#.##.[..Z[.#
###.[[....## ##
#.[#[.[## ##.####([o##
##...###o).#


You could see a sixfirhy, 2 orc sorcerers and an orc warrior.

Vanquished Creatures
  Rupert (Lair:4)
  Gastronok (D:10)
  An orc warlord (Orc:2)
  Nessos (Lair:4)
  5 dire elephants (Lair:6)
  Josephine (Orc:1)
  2 hydras
  A catoblepas (Lair:4)
  A two-headed ogre (D:12)
  An anaconda (Lair:6)
  A centaur warrior (D:10)
  A thrashing horror (Lair:3)
  A fire crab (Lair:6)
  An unseen horror (D:10)
  Pikel (D:7)
  An orc knight (Orc:2)
  2 ugly things (D:12)
  3 orc sorcerers (Orc:2)
  A manticore (D:12)
  8 elephants
  2 cyclopes
  A torpor snail (Lair:3)
  Joseph (D:7)
  4 black mambas
  10 spiny frogs
  A gargoyle (D:11)
  7 komodo dragons
  A kobold demonologist (D:13)
  A rime drake (Lair:3)
  2 polar bears (Lair:6)
  4 trolls
  11 blink frogs
  Prince Ribbit (D:7)
  A wind drake (Lair:1)
  3 hippogriffs
  2 dream sheep (Lair:4)
  A wyvern (Lair:2)
  Sigmund (D:3)
  5 wraiths
  A vampire (D:12)
  2 hungry ghosts
  24 yaks
  A basilisk (Lair:1)
  A warg (Orc:1)
  2 acid dragons
  20 water moccasins
  4 soldier ants (D:8)
  6 porcupines
  2 ice beasts
  5 orc warriors
  8 sky beasts
  An eye of draining (D:12)
  A swamp drake (Lair:4)
  2 necrophages
  3 phantoms
  A slave (D:7)
  17 wolves
  A black bear (D:6)
  7 centaurs
  6 ogres
  16 crocodiles
  2 big kobolds
  Blork the orc (D:5)
  16 bullfrogs
  A troll zombie (D:12)
  A scorpion (D:11)
  25 killer bees
  10 wights
  2 howler monkeys
  3 crimson imps
  2 bullfrog zombies
  A quasit (D:8)
  A hound (D:7)
  17 orc wizards
  2 centaur zombies
  2 jellies
  A gnoll shaman (D:9)
  4 orc priests
  A bullfrog skeleton (D:10)
  Ijyb (D:5)
  5 iguanas
  Natasha (twice) (D:3)
  7 hell rats (Lair:4)
  15 worker ants
  6 ogre zombies (D:12)
  2 hound zombies
  A hound skeleton (D:7)
  Robin (D:3)
  A worker ant zombie (D:7)
  7 gnolls
  A howler monkey skeleton (D:5)
  14 adders
  2 shadow imps
  An ooze (D:2)
  An adder zombie (D:6)
  3 worms
  7 dart slugs
  3 leopard geckos
  55 orcs
  5 bats
  2 giant cockroaches (D:3)
  11 goblins
  10 hobgoblins
  12 jackals
  3 quokkas
  2 ball pythons
  5 frilled lizards
  A goblin skeleton (D:12)
  4 goblin zombies (D:12)
  4 hobgoblin skeletons (D:12)
  A hobgoblin zombie (D:12)
  A jackal zombie (D:5)
  11 kobolds
  A leopard gecko skeleton (D:8)
  An orc skeleton (D:12)
  14 orc zombies (D:12)
  8 rats
  7 plants (Lair:6)
555 creatures vanquished.

Vanquished Creatures (collateral kills)
  A dire elephant (Lair:6)
  2 two-headed ogres
  An orc sorcerer (Orc:2)
  A two-headed ogre zombie (D:12)
  2 water moccasins
  2 orc warriors (Orc:2)
  A sky beast (D:6)
  A wolf (Lair:4)
  7 killer bees
  A wight (D:10)
  A hound (D:7)
  An orc priest (Orc:2)
  An orc wizard (Orc:1)
  2 worker ants
  A gnoll (D:5)
  A leopard gecko (D:5)
  5 orcs
  3 jackals (D:5)
  A leopard gecko zombie (D:7)
35 creatures vanquished.

Vanquished Creatures (others)
  A queen bee (Lair:2)
  A blink frog (Lair:4)
  5 dream sheep (Lair:4)
  3 yaks (Lair:1)
  5 killer bees
  2 orcs
  2 bushes (Lair:6)
  19 fungi
  12 plants
  4 withered plants (Lair:6)
54 creatures vanquished.

Grand Total: 644 creatures vanquished

Notes
Turn   | Place    | Note
-------+----------+-------------------------------------------
     0 | D:1      | Redear the Felid Chaos Knight began the quest for the Orb.
     0 | D:1      | Reached XP level 1. HP: 10/10 MP: 2/2
    71 | D:1      | XOM: butterfly on damage
   231 | D:1      | Reached skill level 1 in Stealth
   231 | D:1      | Reached XP level 2. HP: 14/14 MP: 3/3
   313 | D:1      | XOM: silly message
   466 | D:1      | XOM: harmless Hex miscast
  1006 | D:2      | Reached XP level 3. HP: 12/17 MP: 4/4
  1199 | D:2      | XOM: potion effect (brilliance)
  1203 | D:2      | Reached skill level 2 in Stealth
  1604 | D:2      | XOM: harmless Hex miscast
  1608 | D:2      | Reached skill level 4 in Dodging
  1626 | D:2      | Reached XP level 4. HP: 7/21 MP: 5/5
  1748 | D:2      | XOM: cloud trail
  1777 | D:2      | XOM is BORED!
  1777 | D:2      | XOM: mild Pois miscast
  2120 | D:3      | XOM: fog
  2436 | D:2      | XOM: medium Hex miscast
  2452 | D:3      | Noticed Sigmund
  2456 | D:3      | XOM: confusion (+ monsters)
  2538 | D:3      | Killed Sigmund
  2538 | D:3      | Reached skill level 4 in Fighting
  2538 | D:3      | Reached skill level 3 in Stealth
  2538 | D:3      | Reached skill level 4 in Unarmed Combat
  2538 | D:3      | Reached XP level 5. HP: 25/25 MP: 6/6
  2549 | D:3      | XOM: 11-stop teleportation journey
  2591 | D:3      | Noticed a glowing shapeshifter
  2591 | D:3      | an orc changed into a glowing shapeshifter
  2591 | D:3      | XOM: polymorph orc -> glowing shapeshifter
  2592 | D:3      | Noticed a redback
  2592 | D:3      | a glowing shapeshifter changed into a redback
  2593 | D:3      | Slain by a redback (glowing shapeshifter)
  2594 | D:3      | Reached XP level 4. HP: -4/22 MP: 5/5
  2595 | D:3      | Noticed Natasha
  2601 | D:3      | Killed Natasha
  2601 | D:3      | Reached skill level 5 in Dodging
  2601 | D:3      | Reached skill level 4 in Stealth
  2601 | D:3      | Reached XP level 5. HP: 25/25 MP: 6/6
  2610 | D:3      | XOM: scenery: create altars
  2805 | D:3      | Found a shadowy altar of Dithmenos.
  2883 | D:3      | Noticed Robin
  2889 | D:3      | XOM: enchant monster (bad)
  2908 | D:3      | HP: 2/37 [goblin/stone[Robin] (3)]
  2910 | D:3      | Killed Robin
  2912 | D:3      | XOM: chaos upgrade
  2942 | D:3      | XOM: give mutations
  2942 | D:3      | Gained mutation: You evolve. [Xom's grace]
  2942 | D:3      | Gained mutation: You are partially covered in icy blue
                  | scales. (AC +2) [Xom's grace]
  2942 | D:3      | Gained mutation: You have a pair of small antennae on your
                  | head. [Xom's grace]
  2942 | D:3      | Gained mutation: Your mind is acute. (Int +2) [Xom's grace]
  2962 | D:3      | XOM: scenery: create altars
  3349 | D:3      | Lost mutation: You evolve. [end of evolution]
  3417 | D:3      | Noticed Natasha
  3426 | D:3      | Killed Natasha
  3455 | D:3      | XOM: scenery: create altars
  3469 | D:3      | XOM: god gift: scroll labeled UKI IMIURCH {god gift}
  3572 | D:3      | Noticed a blink frog
  3578 | D:3      | XOM: fog
  3579 | D:3      | Noticed a black mamba
  3579 | D:3      | a blink frog changed into a black mamba
  3719 | D:4      | XOM: god gift: twisted short sword {god gift}
  3742 | D:4      | Found a staircase to the Ecumenical Temple.
  3760 | D:4      | Gained mutation: You are covered in thick fur. (AC +2)
                  | [Felid growth]
  3760 | D:4      | Reached XP level 6. HP: 22/29 MP: 7/7
  3773 | Temple   | Entered the Ecumenical Temple
  3819 | Temple   | XOM: give mutations
  3819 | Temple   | Gained mutation: Your spells are a little harder to cast,
                  | but a little more powerful. [Xom's grace]
  3819 | Temple   | Gained mutation: You are partially covered in yellow
                  | scales. (AC +2) [Xom's grace]
  4444 | D:4      | XOM: god gift: encrusted tourmaline ring {god gift}
  4590 | D:5      | Entered Level 5 of the Dungeon
  4625 | D:5      | Noticed a water moccasin
  4642 | D:5      | Lost mutation: You are partially covered in yellow scales.
                  | (AC +2) [potion of mutation]
  4642 | D:5      | Lost mutation: Your mind is acute. (Int +2) [potion of
                  | mutation]
  4642 | D:5      | Lost mutation: You have a pair of small antennae on your
                  | head. [potion of mutation]
  4642 | D:5      | Lost mutation: Your spells are a little harder to cast, but
                  | a little more powerful. [potion of mutation]
  4642 | D:5      | Gained mutation: You are mostly covered in icy blue scales.
                  | (AC +3) [potion of mutation]
  4642 | D:5      | Gained mutation: You are resistant to electric shocks.
                  | (rElec) [potion of mutation]
  4642 | D:5      | XOM: summons 6 friendly demons
  4657 | D:5      | Killed a water moccasin
  4657 | D:5      | Reached skill level 5 in Stealth
  4861 | D:4      | XOM: harmless Conj miscast
  5070 | D:5      | XOM: silly message
  5080 | D:5      | XOM: harmless Tmut miscast
  5195 | D:5      | Reached skill level 6 in Dodging
  5195 | D:5      | Reached XP level 7. HP: 19/33 MP: 8/8
  5202 | D:5      | Reached skill level 5 in Unarmed Combat
  5235 | D:5      | XOM: polymorph gnoll sergeant -> bullfrog
  5236 | D:5      | XOM: summons friendly crimson imp
  5249 | D:5      | Reached skill level 5 in Fighting
  5319 | D:5      | XOM: scenery: create altars
  5347 | D:5      | Reached skill level 6 in Stealth
  5457 | D:5      | Noticed Blork the orc
  5498 | D:5      | XOM: noise
  5512 | D:5      | XOM: enchant monster (bad)
  5514 | D:5      | Reached skill level 7 in Dodging
  5514 | D:5      | Reached XP level 8. HP: 38/38 MP: 9/9
  5788 | D:5      | XOM: confusion
  5800 | D:5      | Killed Blork the orc
  5800 | D:5      | Reached skill level 7 in Stealth
  5854 | D:5      | Noticed Ijyb
  5884 | D:5      | Killed Ijyb
  5978 | D:5      | Reached skill level 6 in Fighting
  5978 | D:5      | Reached skill level 6 in Unarmed Combat
  6154 | D:6      | XOM: polymorph orc priest -> iguana
  6369 | D:6      | Found a glowing golden altar of the Shining One.
  6398 | D:6      | XOM: confusion (+ monsters)
  6696 | D:6      | XOM: summons 8 friendly demons
  6827 | D:6      | XOM: smoke on damage
  6835 | D:6      | Reached skill level 8 in Dodging
  6985 | D:6      | Reached skill level 8 in Stealth
  7090 | D:6      | XOM: 1-stop teleportation journey
  7220 | D:7      | Noticed Joseph
  7238 | D:7      | XOM: butterfly on damage
  7266 | D:7      | Killed Joseph
  7266 | D:7      | Reached XP level 9. HP: 16/42 MP: 10/10
  7537 | D:7      | XOM: cast spell 'Summon Ice Beast'
  7555 | D:7      | Reached skill level 7 in Unarmed Combat
  7584 | D:7      | Reached skill level 7 in Fighting
  7584 | D:7      | Reached skill level 9 in Stealth
  7595 | D:7      | Reached skill level 9 in Dodging
  7666 | D:7      | Noticed Prince Ribbit
  7678 | D:7      | XOM: confuse monster(s)
  7680 | D:7      | XOM: divination: detect creatures
  7689 | D:7      | Killed Prince Ribbit
  7941 | D:7      | Found Fetes's Gadget Shop.
  7943 | D:7      | Noticed Pikel
  7949 | D:7      | XOM: cast spell 'Alistair's Intoxication'
  8005 | D:7      | XOM: enchant monster (good)
  8038 | D:7      | Killed Pikel
  8038 | D:7      | Reached skill level 10 in Stealth
  8188 | D:8      | XOM: noise
  8192 | D:8      | XOM: potion effect (brilliance)
  8193 | D:8      | XOM: fog
  8211 | D:8      | Reached XP level 10. HP: 19/48 MP: 11/11
  8219 | D:8      | Reached skill level 1 in Evocations
  8226 | D:8      | HP: 3/48 [orc wizard/magic dart (2)]
  8234 | D:8      | HP: 2/48 [poisoned by a killer bee]
  8243 | D:8      | HP: 2/48 [poisoned by a killer bee]
  8243 | D:8      | Killed from afar by an orc wizard
  8244 | D:8      | Reached XP level 9. HP: -3/44 MP: 10/10
  8249 | D:8      | Reached skill level 10 in Dodging
  8265 | D:8      | XOM: fog
  8273 | D:8      | Reached skill level 8 in Unarmed Combat
  8349 | D:8      | Noticed a cyclops
  8366 | D:8      | Killed a cyclops
  8366 | D:8      | Reached skill level 8 in Fighting
  8425 | D:8      | Reached skill level 2 in Evocations
  8452 | D:8      | Found a runed translucent gate.
  8452 | D:8      | Found a runed translucent gate.
  8452 | D:8      | Found a runed translucent door.
  8777 | D:8      | Noticed a two-headed ogre
  8948 | D:8      | XOM: summons 8 friendly demons
  8949 | D:8      | XOM: give mutations
  8949 | D:8      | Gained mutation: Your mind is acute. (Int +2) [Xom's grace]
  8949 | D:8      | Gained mutation: You are agile. (Dex +2) [Xom's grace]
  8949 | D:8      | Gained mutation: You expend magic power (3 MP) to
                  | strengthen your wands. [Xom's grace]
  8952 | D:8      | XOM: harmless Tloc miscast
  8953 | D:8      | XOM: mild Air miscast
  8957 | D:8      | Killed a two-headed ogre
  9023 | D:8      | XOM: cast spell 'Summon Small Mammal'
  9160 | D:8      | XOM: divination: magic mapping
  9167 | D:7      | Reached skill level 3 in Evocations
  9356 | D:8      | Found the +9 staff of Olgreb {rPois}
  9461 | D:8      | Reached XP level 10. HP: 30/49 MP: 5/13
  9678 | D:8      | Found a runed translucent gate.
  9686 | D:8      | Found a runed translucent door.
  9785 | D:8      | XOM: god gift: 34 gold pieces
  9820 | D:8      | XOM: noise
  9821 | D:8      | XOM: divination: detect creatures
  9824 | D:8      | XOM: summons 2 friendly demons
 10140 | D:8      | Reached skill level 11 in Stealth
 10143 | D:8      | XOM: blink monster(s)
 10166 | D:8      | XOM: potion effect (curing)
 10343 | D:8      | XOM: cloud trail
 10375 | D:8      | XOM: give mutations
 10375 | D:8      | Gained mutation: You are surrounded by a mild repulsion
                  | field. (EV +2) [Xom's mischief]
 10375 | D:8      | Lost mutation: You are agile. (Dex +2) [Xom's mischief]
 10376 | D:8      | XOM: summons 2 friendly demons
 10411 | D:8      | XOM: blink monster(s)
 10449 | D:8      | XOM: enchant monster (bad)
 10469 | D:8      | XOM: confuse monster(s)
 10506 | D:8      | XOM: noise
 10513 | D:8      | Reached skill level 11 in Dodging
 10513 | D:8      | Reached skill level 4 in Evocations
 10939 | D:9      | XOM: stealth player
 11316 | D:9      | XOM: harmless Necr miscast
 11781 | D:9      | XOM: mild Chrm miscast
 11807 | D:9      | Noticed a cyclops
 11808 | D:9      | Found a large runed translucent door.
 11809 | D:9      | Found a large runed translucent door.
 11809 | D:9      | XOM: give mutations
 11809 | D:9      | Lost mutation: Your mind is acute. (Int +2) [Xom's
                  | mischief]
 11809 | D:9      | Gained mutation: You are dopey. (Int -2) [Xom's mischief]
 11809 | D:9      | Lost mutation: You expend magic power (3 MP) to strengthen
                  | your wands. [Xom's mischief]
 11809 | D:9      | Lost mutation: You are mostly covered in icy blue scales.
                  | (AC +3) [Xom's mischief]
 11814 | D:9      | Noticed a centaur warrior
 12013 | D:9      | Noticed a centaur warrior
 12081 | D:10     | XOM: stealth player
 12081 | D:10     | Entered Level 10 of the Dungeon
 12156 | D:10     | Noticed Gastronok
 12235 | D:10     | Killed Gastronok
 12235 | D:10     | Reached skill level 9 in Fighting
 12235 | D:10     | Reached skill level 9 in Unarmed Combat
 12238 | D:10     | XOM: summons 6 friendly demons
 12347 | D:10     | XOM: harmless Pois miscast
 12578 | D:10     | Reached skill level 5 in Evocations
 12578 | D:10     | Reached XP level 11. HP: 43/53 MP: 15/15
 12926 | D:10     | Noticed an unseen horror
 12929 | D:10     | Killed an unseen horror
 12929 | D:10     | Reached skill level 12 in Stealth
 13015 | D:10     | Noticed a centaur warrior
 13021 | D:10     | XOM: give mutations
 13021 | D:10     | Lost mutation: You are dopey. (Int -2) [Xom's mischief]
 13021 | D:10     | Gained mutation: You are weak. (Str -2) [Xom's mischief]
 13027 | D:10     | Noticed a five-headed hydra
 13030 | D:10     | XOM: swap monsters
 13173 | D:10     | XOM: blink monster(s)
 13180 | D:10     | Killed a centaur warrior
 13305 | D:10     | XOM: give mutations
 13305 | D:10     | Gained mutation: You occasionally shout uncontrollably at
                  | your foes. [Xom's mischief]
 13566 | D:10     | Killed a five-headed hydra
 13634 | D:11     | XOM: stealth player
 13713 | D:11     | Found a staircase to the Lair.
 13767 | D:11     | Noticed an obsidian statue
 14163 | D:11     | XOM: noise
 14167 | D:11     | Reached skill level 12 in Dodging
 14211 | D:11     | XOM: give mutations
 14211 | D:11     | Lost mutation: You are weak. (Str -2) [Xom's mischief]
 14211 | D:11     | Gained mutation: You are frail. (-10% HP) [Xom's mischief]
 14211 | D:11     | Lost mutation: You are frail. (-10% HP) [Xom's mischief]
 14253 | D:11     | Found Hogitwor's Book Emporium.
 14315 | D:11     | XOM: smoke on damage
 14407 | D:11     | XOM: mild Air miscast
 14636 | D:11     | XOM: summons 2 hostile demons
 14822 | D:12     | XOM is BORED!
 14822 | D:12     | XOM: 1-stop teleportation journey
 14858 | D:12     | Reached skill level 6 in Evocations
 15009 | D:12     | XOM: divination: detect items
 15070 | D:12     | XOM: stat loss: -1 Dex (17/18)
 15093 | D:12     | XOM: harmless Necr miscast
 15105 | D:12     | Found a staircase to the Orcish Mines.
 15112 | D:12     | XOM: summons 11 friendly demons
 15141 | D:12     | Noticed a white ugly thing
 15144 | D:12     | XOM: 1-stop teleportation journey
 15180 | D:12     | HP: 5/54 [manticore (24)]
 15180 | D:12     | HP: 2/54 [manticore (3)]
 15500 | D:12     | XOM: fog
 15584 | D:12     | XOM: 1-stop teleportation journey
 15585 | D:12     | Noticed a purple ugly thing
 15589 | D:12     | Noticed a two-headed ogre
 15598 | D:13     | Noticed a brown ugly thing
 15600 | D:13     | XOM: 6-stop teleportation journey
 15658 | D:13     | XOM: polymorph yak -> komodo dragon
 15686 | D:13     | XOM: harmless Tloc miscast
 15687 | D:13     | XOM: summons 4 hostile demons
 15905 | D:13     | XOM: medium Erth miscast
 15988 | D:13     | XOM: mild Necr miscast
 15993 | D:13     | XOM: silly message
 15997 | D:13     | Reached skill level 10 in Unarmed Combat
 16005 | D:13     | XOM is BORED!
 16005 | D:13     | XOM: summons 3 hostile shadow creatures
 16032 | D:13     | XOM: cleaving
 16082 | D:13     | Learned a level 5 spell: Borgnjor's Vile Clutch
 16093 | D:13     | Learned a level 4 spell: Animate Dead
 16121 | D:13     | Found a burning altar of Makhleb.
 16123 | D:13     | Noticed an Executioner
 16200 | D:13     | XOM: confuse monster(s)
 16215 | D:13     | Reached skill level 10 in Fighting
 16220 | D:13     | Noticed a soul eater
 16223 | D:13     | Noticed a soul eater
 16223 | D:13     | HP: 3/54 [soul eater[a kobold demonologist] (9)]
 16636 | D:13     | XOM: medium Summ miscast
 16722 | D:13     | XOM: harmless Air miscast
 16835 | D:12     | XOM: harmless Chrm miscast
 16861 | D:12     | XOM: harmless Air miscast
 16863 | D:12     | XOM: divination: detect creatures
 16872 | D:12     | XOM: harmless Fire miscast
 16876 | D:12     | XOM: divination: detect creatures
 16886 | D:12     | XOM: enchant monster (bad)
 16905 | D:12     | XOM: enchant monster (bad)
 16921 | D:12     | XOM: confusion
 16924 | D:12     | XOM: enchant monster (good)
 16927 | D:12     | Killed a two-headed ogre
 16927 | D:12     | Reached skill level 13 in Stealth
 16956 | D:12     | XOM: mild Chrm miscast
 16994 | D:12     | XOM: polymorph crimson imp -> shadow imp
 17077 | D:12     | Gained mutation: Your thick and shaggy fur keeps you warm.
                  | (AC +3, rC+) [Felid growth]
 17077 | D:12     | Reached XP level 12. HP: 56/58 MP: 18/18
 17079 | D:12     | Reached skill level 7 in Evocations
 17102 | D:12     | XOM: harmless Tloc miscast
 17140 | D:12     | XOM: enchant monster (good)
 17417 | D:12     | XOM: summons 4 hostile demons
 17546 | Lair:1   | Entered Level 1 of the Lair of Beasts
 17579 | Lair:1   | XOM: stat loss: -1 Int (13/14)
 17599 | Lair:1   | XOM: swap monsters
 17804 | Lair:1   | XOM: mild Fire miscast
 17811 | Lair:1   | XOM: polymorph yak -> wind drake
 17850 | Lair:1   | XOM: swap monsters
 18093 | Lair:2   | Found an ornate altar of the Wu Jian Council.
 18097 | Lair:2   | XOM: summons 6 hostile demons
 18273 | Lair:2   | XOM: summons 1 hostile shadow creature
 18600 | Lair:1   | XOM: confusion (+ monsters)
 18625 | Lair:1   | Reached skill level 13 in Dodging
 18635 | Lair:1   | XOM: chaos cloud
 19121 | Lair:1   | XOM: harmless Conj miscast
 19149 | Lair:1   | XOM: stat loss: -1 Str (11/12)
 19160 | Lair:1   | XOM: medium Pois miscast
 19376 | Lair:1   | XOM: harmless Summ miscast
 19695 | Lair:2   | XOM: harmless Chrm miscast
 20115 | Lair:2   | XOM: cloud trail
 20357 | Lair:2   | Reached skill level 11 in Unarmed Combat
 20372 | Lair:2   | Reached skill level 11 in Fighting
 20728 | Lair:3   | XOM: 3-stop teleportation journey
 20795 | Lair:3   | XOM: harmless Tmut miscast
 20921 | Lair:3   | XOM: silly message
 21257 | Lair:3   | XOM: polymorph elephant -> torpor snail
 21261 | Lair:3   | Reached skill level 14 in Dodging
 21261 | Lair:3   | XOM: chaos cloud
 21265 | Lair:3   | Cast into level 2 of the Abyss (Xom)
 21314 | Abyss:2  | Found an opulent altar of Gozag.
 21326 | Abyss:2  | XOM: confuse monster(s)
 21328 | Abyss:2  | XOM: enchant monster (good)
 21334 | Lair:3   | Escaped the Abyss
 21451 | Lair:3   | XOM: divination: detect items
 21498 | Lair:3   | XOM: potion effect (invisibility)
 21722 | Lair:3   | XOM: summons 1 hostile shadow creature
 21812 | Lair:4   | Reached XP level 13. HP: 63/63 MP: 19/19
 21840 | Lair:4   | Found a staircase to the Swamp.
 21854 | Lair:4   | HP: 3/63 [komodo dragon (13)]
 21855 | Lair:4   | Slain by a blink frog
 21856 | Lair:4   | Reached XP level 12. HP: -2/60 MP: 18/18
 21869 | Lair:4   | XOM: confusion
 21870 | Lair:4   | XOM: polymorph porcupine -> swamp drake
 21909 | Lair:4   | Noticed Rupert
 21912 | Lair:4   | Found a hole to the Spider Nest.
 22300 | Lair:4   | XOM: destruction
 22355 | Lair:4   | Noticed Nessos
 22366 | Lair:4   | Killed Nessos
 22408 | Lair:4   | XOM: divination: detect items
 22443 | Lair:4   | XOM: divination: detect items
 22568 | Lair:4   | Killed a catoblepas
 22588 | Lair:4   | Reached skill level 1 in Necromancy
 22791 | Lair:4   | Reached skill level 1 in Spellcasting
 22791 | Lair:4   | XOM: mild Erth miscast
 22820 | Lair:4   | XOM: destruction
 22822 | Lair:4   | XOM: summons 6 hostile demons
 22827 | Lair:4   | XOM: summons 1 hostile shadow creature
 22830 | Lair:4   | XOM: mild Pois miscast
 22831 | Lair:4   | XOM: blink monster(s)
 22837 | Lair:4   | XOM: harmless Air miscast
 22839 | Lair:4   | Reached skill level 1 in Earth Magic
 22839 | Lair:4   | XOM: polymorph crimson imp -> iron imp
 22848 | Lair:4   | XOM: medium Conj miscast
 22917 | Lair:4   | XOM: give mutations
 22917 | Lair:4   | Gained mutation: You are weak. (Str -2) [Xom's mischief]
 22917 | Lair:4   | Gained mutation: You are frail. (-10% HP) [Xom's mischief]
 23124 | Lair:4   | XOM: medium Chrm miscast
 23416 | Lair:4   | XOM: draining
 23425 | Lair:4   | Paralysed by Rupert for 3 turns
 23434 | Lair:4   | Paralysed by Rupert for 3 turns
 23441 | Lair:4   | XOM: 2-stop teleportation journey
 23463 | Lair:4   | HP: 5/54 [poisoned by a spiny frog]
 23469 | Lair:4   | HP: 4/54 [poisoned by a spiny frog]
 23475 | Lair:4   | HP: 3/54 [poisoned by a spiny frog]
 23580 | Lair:4   | XOM: summons 1 hostile shadow creature
 23667 | Lair:4   | XOM: medium Air miscast
 23688 | Lair:4   | Reached skill level 2 in Necromancy
 24210 | Lair:4   | XOM: confuse monster(s)
 24218 | Lair:4   | Killed Rupert
 24218 | Lair:4   | Reached skill level 2 in Spellcasting
 24218 | Lair:4   | Reached skill level 2 in Earth Magic
 24290 | Lair:4   | XOM: scenery: create altars
 24389 | Lair:5   | XOM: enchant monster (bad)
 24400 | Lair:5   | Reached skill level 3 in Necromancy
 24417 | Lair:5   | Got a warped steel ring
 24548 | Lair:5   | Found a staircase to the Slime Pits.
 24555 | Lair:5   | Found a viscous altar of Jiyva.
 24667 | Lair:5   | XOM: scenery: create altars
 24672 | Lair:5   | XOM: mild Conj miscast
 24682 | Lair:5   | XOM: 2-stop teleportation journey
 24697 | Lair:5   | Reached skill level 3 in Spellcasting
 24702 | Lair:5   | XOM: enchant monster (good)
 24707 | Lair:5   | Reached skill level 3 in Earth Magic
 25183 | Lair:6   | Entered Level 6 of the Lair of Beasts
 25213 | Lair:5   | XOM: confuse monster(s)
 25387 | Lair:6   | Identified the ring of False Pretenses {Ice +Fly MR+ Int+3}
                  | (You found it on level 5 of the Lair of Beasts)
 25434 | Lair:6   | Noticed a five-headed hydra
 25434 | Lair:6   | XOM: confuse monster(s)
 26006 | Lair:6   | Reached skill level 4 in Necromancy
 26079 | Lair:6   | Reached XP level 13. HP: 49/57 MP: 19/19
 26079 | Lair:6   | XOM: cast spell 'Chain of Chaos'
 26226 | Lair:6   | XOM: enchant monster (bad)
 26239 | Lair:6   | XOM: blink monster(s)
 26250 | Lair:6   | XOM: noise
 26263 | Lair:6   | XOM: summons friendly white imp
 26290 | Lair:6   | Reached skill level 4 in Spellcasting
 26290 | Lair:6   | Reached skill level 4 in Earth Magic
 26295 | Lair:6   | XOM: swap monsters
 26321 | Lair:6   | XOM: divination: detect creatures
 26323 | Lair:6   | XOM: divination: detect items
 26347 | Lair:6   | XOM: divination: magic mapping
 26458 | Lair:5   | XOM: divination: magic mapping
 26624 | Lair:6   | Found a runed translucent gate.
 26624 | Lair:6   | Found a runed translucent gate.
 26624 | Lair:6   | Found a runed translucent gate.
 26624 | Lair:6   | Noticed Redear's ghost (journeyman OpFE)
 26624 | Lair:6   | Noticed P0WERM0DE's ghost (journeyman MiFi)
 26625 | Lair:6   | Noticed Jannitor's ghost (journeyman VSFi)
 26714 | Lair:6   | XOM: blink monster(s)
 26730 | Lair:6   | XOM: summons 2 friendly demons
 26979 | Lair:6   | XOM: give mutations
 26979 | Lair:6   | Gained mutation: You have a pair of small horns on your
                  | head. [Xom's grace]
 26979 | Lair:6   | Gained mutation: Your system is resistant to poisons.
                  | (rPois) [Xom's grace]
 26979 | Lair:6   | Lost mutation: You are weak. (Str -2) [Xom's grace]
 26979 | Lair:6   | Gained mutation: You are partially covered in rugged brown
                  | scales. (AC +1, +3% HP) [Xom's grace]
 27131 | Lair:6   | XOM: summons 6 hostile demons
 27299 | Lair:6   | XOM: cleaving
 27322 | Lair:6   | XOM: polymorph elephant -> komodo dragon
 27322 | Lair:6   | Slain by a komodo dragon
 27323 | Lair:6   | Reached XP level 12. HP: -3/56 MP: 19/19
 27327 | Lair:6   | Reached skill level 5 in Spellcasting
 27327 | Lair:6   | Reached skill level 5 in Necromancy
 27327 | Lair:6   | Reached skill level 5 in Earth Magic
 27327 | Lair:6   | Reached XP level 13. HP: 59/59 MP: 19/22
 27328 | Lair:6   | Reached skill level 16 in Dodging
 27328 | Lair:6   | Reached XP level 14. HP: 63/63 MP: 19/23
 27404 | Lair:6   | Reached skill level 6 in Necromancy
 27422 | Lair:6   | XOM: fog
 27434 | Lair:6   | XOM: divination: detect items
 27562 | Lair:6   | XOM: give mutations
 27562 | Lair:6   | Gained mutation: You are agile. (Dex +2) [Xom's grace]
 27562 | Lair:6   | Gained mutation: You can translocate small distances at
                  | will. [Xom's grace]
 27562 | Lair:6   | Gained mutation: You expend magic power (3 MP) to
                  | strengthen your wands. [Xom's grace]
 27738 | Lair:6   | XOM: summons friendly white imp
 27743 | Lair:6   | XOM: god gift: 5 needles of confusion
 27916 | Lair:6   | XOM: divination: detect creatures
 27930 | Lair:6   | XOM: cast spell 'Summon Ice Beast'
 28247 | Lair:6   | XOM: divination: detect creatures
 28348 | Lair:6   | XOM: harmless Air miscast
 28392 | Lair:6   | XOM: potion effect (brilliance)
 28426 | Lair:6   | Reached skill level 6 in Earth Magic
 28473 | Lair:6   | XOM: divination: detect creatures
 28541 | Lair:6   | Reached skill level 6 in Spellcasting
 28589 | Lair:6   | Got a glittering lead ring
 28596 | Lair:6   | Identified the ring of Obbubauc {rF+ Str+3 Dex+5} (You
                  | found it on level 6 of the Lair of Beasts)
 28710 | Lair:1   | XOM: cloud trail
 28797 | Orc:1    | Entered Level 1 of the Orcish Mines
 28805 | Orc:1    | Noticed Josephine
 28820 | Orc:1    | Killed Josephine
 28822 | Orc:1    | XOM: blink monster(s)
 28841 | Orc:1    | Learned a level 3 spell: Regeneration
 28882 | Orc:1    | XOM: give mutations
 28882 | Orc:1    | Lost mutation: You have a pair of small horns on your head.
                  | [Xom's mischief]
 28882 | Orc:1    | Lost mutation: You are frail. (-10% HP) [Xom's mischief]
 28882 | Orc:1    | Lost mutation: You are surrounded by a mild repulsion
                  | field. (EV +2) [Xom's mischief]
 28882 | Orc:1    | Lost mutation: You are resistant to electric shocks.
                  | (rElec) [Xom's mischief]
 28995 | Orc:2    | Entered Level 2 of the Orcish Mines
 29101 | Orc:2    | XOM: medium Ice miscast
 29111 | Orc:2    | XOM: summons 7 hostile demons
 29116 | Orc:2    | XOM: potion effect (might)
 29137 | Orc:2    | Noticed an orc warlord
 29141 | Orc:2    | XOM: noise
 29142 | Orc:2    | XOM: blink monster(s)
 29147 | Orc:2    | XOM: confuse monster(s)
 29148 | Orc:2    | Reached skill level 7 in Necromancy
 29152 | Orc:2    | Killed an orc warlord
 29159 | Orc:2    | XOM: enchant monster (good)
 29159 | Orc:2    | HP: 7/70 [two-headed ogre/+0 dire flail (18)]
 29165 | Orc:2    | XOM: confuse monster(s)
 29172 | Orc:2    | XOM: summons 2 friendly demons
 29175 | Orc:2    | XOM: harmless Tloc miscast
 29179 | Orc:2    | XOM: summons 13 friendly demons
 29188 | Orc:2    | XOM: polymorph ufetubus -> iron imp
 29194 | Orc:2    | HP: 3/70 [sun demon[an orc warlord] (8)]
 29517 | Orc:2    | Paralysed by an orc sorcerer for 7 turns
 29518 | Orc:2    | HP: 6/70 [orc sorcerer/+0 dagger[an orc warlord] (5)]
 29519 | Orc:2    | Slain by an orc warrior

Levels and vault maps discovered:
D:1:      scummos_arrival_checkerplants, layout_basic, skrybe_limestone_x
D:2:      layout_basic, minmay_fractal_squares_5
D:3:      layout_loops_ring, grunt_dithmenos_smoke, uniq_sigmund, uniq_robin,
          uniq_natasha
D:4:      layout_rooms, minmay_temple_entry_junction, first_ration
D:5:      minmay_diamond_boxcup, layout_basic, uniq_ijyb, uniq_blork_the_orc
D:6:      layout_basic, tso_oasis_becter
D:7:      layout_basic, serial_shops, shop, uniq_joseph, uniq_pikel,
          uniq_prince_ribbit1
D:8:      layout_loops_corners, grunt_ogre_cave,
          minmay_guarded_unrand_staff_of_olgreb
D:9:      okawaru_arena_lexackson, layout_stronghold
D:10:     minmay_chambers_of_sixes, layout_basic, uniq_gastronok
D:11:     minmay_separated_statues, layout_basic, lair_entry_dummy,
          serial_shops, nicolae_shop_stone
D:12:     layout_loops_ring, zombieorc2_lemuel
D:13:     layout_loops_corners, makhleb_altar_promises_db
Temple:   kilobyte_greek_temple
Lair:1:   layout_cave_pods, grunt_megastairs_2
Lair:2:   layout_cave_pods, special_room [special_room_bee], basic_altar,
          infiniplex_staircase_pool_2
Lair:3:   layout_regular_city, lemuel_fruit_tree
Lair:4:   layout_small_grid, swamp_mist, dummy_spider_entry,
          cheibrodos_lair_reptile_den, uniq_rupert, uniq_nessos
Lair:5:   layout_small_grid, slime_altar_1, patterned_corridor
Lair:6:   due_jungle_book, layout_misc_corridors, gammafunk_ghost_cemetery,
          cheibrodos_lair_lostbears
Orc:1:    cheibrodos_orc_arena, layout_diamond_mine, basic_altar,
          nicolae_orc_sculptors_studio, uniq_josephine, uniq_jorgrun
Orc:2:    grunt_orc_cross, layout_diamond_mine

Skill      XL: |  1  2  3  4  5  6  7  8  9 10 11 12 13 14 |
---------------+-------------------------------------------+-----
Stealth        | 1 2 4 5 6 8 10 11 13 | 13.3
Dodging        | 4 5 6 7 8 10 11 12 14 16 | 16.6
Fighting       | 4 5 6 8 9 10 11 | 11.8
Unarmed Combat | 4 5 6 8 9 10 11 | 11.8
Evocations     | 3 5 6 7 |  7.0
Necromancy     | 5 7 |  7.1
Spellcasting   | 5 4 6 |  6.4
Earth Magic    | 5 4 6 |  6.4

Action                   |  1- 3 |  4- 6 |  7- 9 | 10-12 | 13-15 || total
-------------------------+-------+-------+-------+-------+-------++-------
Melee: Unarmed           |    89 |   254 |   437 |  1296 |   370 ||  2446
       Bite              |     9 |    28 |    42 |   157 |    59 ||   295
       Punch             |     3 |     5 |     9 |    64 |    32 ||   113
       Headbutt          |       |       |       |       |    67 ||    67
 Cast: Animate Dead      |       |       |       |       |     6 ||     6
 Abil: Evoke Berserk Rag |       |       |     3 |    13 |     8 ||    24
Evoke: Wand              |       |       |     6 |    63 |    17 ||    86
       Phial of floods   |       |       |       |       |     1 ||     1
  Use: Scroll            |       |     6 |     3 |    20 |     2 ||    31
       Potion            |       |     3 |     2 |     9 |     1 ||    15
 Stab: Sleeping          |     3 |     8 |    29 |    49 |     3 ||    92
       Distracted        |       |       |     1 |     5 |     4 ||    10
       Confused          |       |       |     1 |     4 |     3 ||     8
       Paralysed         |       |       |       |     3 |     1 ||     4
       Invisible         |       |       |       |     1 |       ||     1
  Eat: Chunk             |       |     6 |     7 |    51 |     8 ||    72
       Ration            |       |       |       |     2 |       ||     2
Armor: Skin              |       |    11 |    23 |    58 |    30 ||   122
Dodge: Dodged            |    65 |   177 |   331 |  1381 |   366 ||  2320

Table legend:
 A = Non-vault XP
 B = Vault XP
 C = Vault XP percentage of total XP
 D = Non-vault monster count
 E = Vault monster count
 F = Vault count percentage of total count
                 A         B        C        D         E       F
            +---------+---------+-------+---------+---------+-------
      Total |   56449 |   23369 |  29.3 |     445 |     143 |  24.3
            +---------+---------+-------+---------+---------+-------
        D:1 |      24 |       0 |   0.0 |      15 |       0 |   0.0
        D:2 |      48 |      27 |  36.0 |      13 |       5 |  27.8
        D:3 |     122 |     279 |  69.6 |      29 |      12 |  29.3
        D:4 |     183 |       0 |   0.0 |      10 |       0 |   0.0
        D:5 |     852 |     521 |  37.9 |      28 |      10 |  26.3
        D:6 |     514 |       0 |   0.0 |      18 |       0 |   0.0
        D:7 |    1409 |    1378 |  49.4 |      28 |       3 |   9.7
        D:8 |    3032 |    1716 |  36.1 |      44 |      20 |  31.2
        D:9 |     610 |       0 |   0.0 |      21 |       0 |   0.0
       D:10 |    2349 |    4536 |  65.9 |      28 |       7 |  20.0
       D:11 |    1002 |       0 |   0.0 |      12 |       0 |   0.0
       D:12 |    4920 |     875 |  15.1 |      23 |      36 |  61.0
       D:13 |    1966 |       0 |   0.0 |      13 |       0 |   0.0
     Lair:1 |    3496 |     762 |  17.9 |      20 |       5 |  20.0
     Lair:2 |    2432 |     630 |  20.6 |      12 |      12 |  50.0
     Lair:3 |    7168 |       0 |   0.0 |      24 |       0 |   0.0
     Lair:4 |    6684 |    4678 |  41.2 |      36 |       9 |  20.0
     Lair:5 |    3350 |       0 |   0.0 |      17 |       0 |   0.0
     Lair:6 |   13750 |    3232 |  19.0 |      32 |       7 |  17.9
      Orc:1 |     617 |    1724 |  73.6 |      11 |       4 |  26.7
      Orc:2 |    1921 |    3011 |  61.1 |      11 |      13 |  54.2
            +---------+---------+-------+---------+---------+-------
